 Dungeon Crawl Stone Soup version 0.24.0-123-gd5b16e6ec5 (webtiles) character file.

Game seed: 5827451392134205040, levelgen mode: deterministic

468 Martska the Skirmisher (level 7, -19/72 HPs)
             Began as an Ogre Hunter on Feb 9, 2020.
             Was an Initiate of Okawaru.
             Demolished by a two-headed ogre
             ... wielding a +0 giant spiked club
              (24 damage)
             ... on level 5 of the Dungeon.
             The game lasted 00:23:34 (5382 turns).

Martska the Skirmisher (Ogre Hunter)                Turns: 5382, Time: 00:23:35

Health: -19/72     AC:  3    Str: 17    XL:     7   Next: 8%
Magic:  7/7        EV: 10    Int: 12    God:    Okawaru [......]
Gold:   192        SH:  0    Dex: 11    Spells: 6/6 levels left

rFire    . . .     SeeInvis .   y - +0 giant spiked club
rCold    . . .     Gourm    .   (shield currently unavailable)
rNeg     . . .     Faith    .   b - +0 robe
rPois    .         Spirit   .   (helmet restricted)
rElec    .         Reflect  .   (no cloak)
rCorr    .         Harm     .   (gloves unavailable)
MR       .....                  (boots unavailable)
Stlth    ++........             (no amulet)
HPRegen  0.22/turn              (no ring)
MPRegen  0.10/turn              (no ring)

@: no status effects
A: large, unfitting armour, tough skin 1
a: Renounce Religion


You were on level 5 of the Dungeon.
You worshipped Okawaru.
Okawaru was noncommittal.
You were not hungry.

You visited 2 branches of the dungeon, and saw 7 of its levels.

You collected 192 gold pieces.

Inventory:

Hand Weapons
 a - a +0 short sword
 e - a +0 club
 i - a +0 whip
 k - a +0 flail
 n - a +0 club
 y - a +0 giant spiked club (weapon)
Missiles
 c - 4 large rocks (quivered)
 d - a throwing net
Armour
 b - a +0 robe (worn)
Wands
 u - a wand of flame (24)
Scrolls
 h - 2 scrolls of blinking
 j - a scroll of amnesia
 l - 2 scrolls of enchant weapon
 o - 2 scrolls of teleportation {unknown}
 q - a scroll of enchant armour {unknown}
 r - a scroll of magic mapping {unknown}
 s - a scroll of noise {unknown}
 A - 2 scrolls of remove curse {unknown}
Potions
 g - 3 potions of curing
 m - a potion of berserk rage
 p - 3 potions of heal wounds
 t - 3 potions of lignification
 w - a potion of mutation {unknown}
 x - a potion of degeneration {unknown}
 z - a potion of cancellation {unknown}
Comestibles
 f - 8 rations


   Skills:
 * Level 5.5 Fighting
 * Level 3.1 Maces & Flails
 + Level 4.9 Throwing
 - Level 3.0 Dodging
 - Level 2.0 Stealth
 + Level 0.0 Evocations


You had 6 spell levels left.
You didn't know any spells.
Your spell library was empty.

Dungeon Overview and Level Annotations

Branches:
Dungeon (6/15)             Temple (1/1) D:4

Altars:
Ashenzari
Dithmenos
Elyvilon
Fedhas
Kikubaaqudgha
Makhleb
Okawaru
Qazlal
Ru
Trog
Wu Jian
Yredelemnul
The Shining One

Annotations:
D:5 Blork the orc


Innate Abilities, Weirdness & Mutations

You are too large for most types of armour.
You have tough skin. (AC +1)


Message History

You see here 18 stones.
Found a stone staircase leading up.
There is a stone staircase leading up here.
You climb upwards.
Level annotation: Blork the orc The two-headed ogre shouts in stereo!
Found a ration.
Found an escape hatch in the ceiling.
There is a stone staircase leading down here.
You impale the two-headed ogre!!
The two-headed ogre is heavily wounded.
The two-headed ogre barely misses you.
The two-headed ogre hits you with a +0 giant club!!
The two-headed ogre hits you with a +0 giant spiked club!
The two-headed ogre hits you with a +0 giant club!!
* * * LOW HITPOINT WARNING * * *
You puncture the two-headed ogre!
The two-headed ogre is severely wounded.
The two-headed ogre barely misses you.
The two-headed ogre hits you with a +0 giant club!!
You die...

.....## ......#
####### ......#
#.....# ......#
#.....# .....##
#.....#
.....#######.....#
.................#
.<....## #.......
#.........
..........
..........


You could see a two-headed ogre.

Vanquished Creatures
  An ogre (D:5)
  A bullfrog (D:6)
  A hound (D:5)
  A centaur skeleton (D:4)
  A worker ant (D:3)
  A hound skeleton (D:4)
  4 gnolls (D:3)
  8 adders
  An ooze (D:2)
  An adder skeleton (D:6)
  A worm (D:3)
  3 dart slugs (D:1)
  2 leopard geckos (D:2)
  13 orcs
  6 bats
  4 giant cockroaches
  8 goblins
  8 hobgoblins
  7 jackals
  2 quokkas
  2 ball pythons
  8 frilled lizards
  6 kobolds
  7 rats
97 creatures vanquished.

Notes
Turn   | Place    | Note
-------+----------+-------------------------------------------
     0 | D:1      | Martska the Ogre Hunter began the quest for the Orb.
     0 | D:1      | Reached XP level 1. HP: 22/22 MP: 1/1
   226 | D:1      | Reached XP level 2. HP: 29/29 MP: 2/2
   254 | D:1      | Reached skill level 3 in Fighting
   617 | D:1      | Reached skill level 1 in Stealth
   631 | D:1      | Reached XP level 3. HP: 25/37 MP: 3/3
   861 | D:1      | Reached skill level 1 in Maces & Flails
  1738 | D:2      | Reached XP level 4. HP: 46/46 MP: 4/4
  1843 | D:2      | You fall into a shaft and drop 1 floor!
  2129 | D:3      | Reached skill level 4 in Fighting
  2282 | D:3      | Reached XP level 5. HP: 54/54 MP: 5/5
  4124 | D:3      | Reached XP level 6. HP: 22/65 MP: 6/6
  4564 | D:4      | Reached skill level 5 in Fighting
  4626 | D:4      | Found a staircase to the Ecumenical Temple.
  4636 | Temple   | Entered the Ecumenical Temple
  4743 | Temple   | Became a worshipper of Warmaster Okawaru
  5092 | D:5      | Entered Level 5 of the Dungeon
  5336 | D:5      | Noticed Blork the orc
  5337 | D:5      | You fall into a shaft and drop 1 floor!
  5355 | D:6      | Reached XP level 7. HP: 63/72 MP: 7/7
  5380 | D:5      | Noticed a two-headed ogre
  5382 | D:5      | Demolished by a two-headed ogre

Levels and vault maps discovered:
D:1:      erik_arrival_triangle_small, layout_basic, hangedman_decor_points
D:2:      layout_loops_ring, chequers_serial_rivers_large_a
D:3:      layout_loops_corners, first_ration, minmay_misc_feat_iff,
          minmay_fractal_squares_gapless_5
D:4:      layout_rooms, temple_hall
D:5:      layout_rooms, uniq_blork_the_orc
D:6:      layout_basic, basic_altar
Temple:   roderic_octagonal_lattice_temple

Skill      XL: |  1  2  3  4  5  6 |
---------------+-------------------+-----
Fighting       | 3 4 5 |  5.5
Stealth        | 1 2 |  2.0
Maces & Flails | 1 2 3 |  3.1
Dodging        | 2 3 |  3.0
Throwing       | |  4.9

Action                   |  1- 3 |  4- 6 |  7- 9 || total
-------------------------+-------+-------+-------++-------
Melee: Club              |    11 |       |       ||    11
       Short sword       |     1 |       |       ||     1
       Whip              |    80 |    85 |       ||   165
       Flail             |       |    90 |       ||    90
       Giant spiked club |       |     7 |     2 ||     9
Throw: Large rock        |    31 |    51 |       ||    82
       Throwing net      |     1 |     2 |       ||     3
  Use: Scroll            |       |     7 |       ||     7
 Stab: Sleeping          |       |     1 |       ||     1
  Eat: Ration            |     1 |     2 |       ||     3
       Chunk             |       |     4 |       ||     4
Armor: Robe              |    33 |    90 |       ||   123
Dodge: Dodged            |    68 |   154 |     2 ||   224
